cohdb
Replays
Latest Replays
All Replays
Popular Replays
Top Player Replays
Match Explorer
How It Works
Community
CoH3 Stats
Reddit
Sign in to upload your games and track your stats! →
Sign in with Steam
Match 40046145
Unlisted
Match 40046145
Overview
Messages
Build Orders
End
Construct Barracks
Riflemen Squad
Riflemen Squad
Selects Airborne Battlegroup
Grenade Package
Construct Weapon Support Center
Bazooka Squad
Construct Medical Station
Riflemen Squad
Scout Squad
Improved M9 Bazooka Rockets
M1919 Machine Gun Team
Infantry Support Center
Selects Recon Loiter
Selects Pathfinders
Selects Paratrooper Squad Paradrop
Selects Anti-tank Gun Team Paradrop
Anti-tank Gun Team Paradrop
Paratrooper Squad Paradrop
Selects Recon Loiter
Recon Loiter
Recon Loiter
Anti-tank Gun Team Paradrop
Selects Supply Drop
Supply Drop
Recon Loiter
M1918 Browning Automatic Rifles
Supply Drop
Anti-tank Gun Team Paradrop
Selects Carpet Bombing Run
Carpet Bombing Run
Supply Drop
Carpet Bombing Run
Construct Tank Depot
Recon Loiter
Supply Drop
Advanced Logistics
Madfox
Pepuz
deadsadbadmad
Alessandro-9891
0
0
Comments
sign in to comment!
No comments posted yet!